NYP
BROOKLYN CYCLONES @ EUGENE EMERALDS
04/05/2048
 
TOP OF THE 1ST
Brooklyn Cyclones batting - Pitching for Eugene Emeralds : RHP Joshua Vincent
Pitching: RHP Joshua Vincent
Batting: LHB Elmo Dreier 0-0: SINGLE (Line Drive, 56D, EV 97.5 MPH)
Batting: RHB Jack Nickleberry 0-0: Ball
Elmo Dreier steals 2nd base
1-0: Fly out, F7 (Line Drive, 7, EV 86.2 MPH)
Batting: RHB Jake Geib 0-0: Called Strike
0-1: Ball
1-1: Ball
2-1: Ball
3-1: Called Strike
3-2: Base on Balls
Batting: LHB Miguel Ramos 0-0: Ball
1-0: Called Strike
1-1: SINGLE (Flyball, 7S, EV 90.0 MPH)
Elmo Dreier to third
Jake Geib to second
Batting: RHB Victor Reyes 0-0: Swinging Strike
0-1: Foul Ball, location: 2F
0-2: Foul Ball, location: 2F
0-2: Strikes out swinging
Batting: RHB Tom Primmer 0-0: Ball
1-0: Foul Ball, location: 2F
1-1: Ball
2-1: Ball
3-1: Base on Balls
Elmo Dreier scores
Jake Geib to third
Miguel Ramos to second
Batting: RHB Chris Pynn 0-0: Called Strike
0-1: Ball
1-1: Ball
2-1: DOUBLE (Line Drive, 78XD, EV 114.4 MPH)
Jake Geib scores
Miguel Ramos scores
Tom Primmer to third
Batting: SHB Duri Chilemba 0-0: Foul Ball, location: 2F
0-1: Ball
1-1: Ball
2-1: Ground out 1-3 (Groundball, P, EV 68.8 MPH)
Top of the 1st over - 3 runs, 3 hits, 0 errors, 2 left on base; Brooklyn 3 - Eugene 0
BOTTOM OF THE 1ST
Eugene Emeralds batting - Pitching for Brooklyn Cyclones : RHP Jean-Pierre Carpentier
Pitching: RHP Jean-Pierre Carpentier
Batting: RHB Du Kim 0-0: Called Strike
0-1: Foul Ball, location: 2F
0-2: Ground out 5-3 (Groundball, 5, EV 87.5 MPH)
Batting: RHB Ricky Ramirez 0-0: Foul Ball, location: 2F
0-1: Ground out 5-3 (Groundball, 56, EV 85.0 MPH)
Batting: LHB Wing-tat Tai 0-0: Ball
1-0: Foul Ball, location: 2F
1-1: Ball
2-1: Ground out 5-3 (Groundball, 56, EV 104.4 MPH)
Bottom of the 1st over - 0 runs, 0 hits, 0 errors, 0 left on base; Brooklyn 3 - Eugene 0
TOP OF THE 2ND
Brooklyn Cyclones batting - Pitching for Eugene Emeralds : RHP Joshua Vincent
Batting: RHB Roberto Delgado 0-0: Fly out, F9 (Flyball, 9LM, EV 83.8 MPH)
Batting: LHB Elmo Dreier 0-0: Ball
1-0: Foul Ball, location: 2F
1-1: Foul Ball, location: 2F
1-2: Ball
2-2: Foul Ball, location: 2F
2-2: Foul Ball, location: 2F
2-2: Ball
3-2: Foul Ball, location: 2F
3-2: Foul Ball, location: 2F
3-2: Strikes out swinging
Batting: RHB Jack Nickleberry 0-0: Ball
1-0: Ball
2-0: Foul Ball, location: 2F
2-1: Foul Ball, location: 2F
2-2: TRIPLE (Line Drive, 9LD, EV 105.6 MPH)
Batting: RHB Jake Geib 0-0: Called Strike
0-1: Ball
1-1: Ball
Wild Pitch!
Jack Nickleberry scores
2-1: SINGLE (Groundball, 56D, EV 96.2 MPH)
Batting: LHB Miguel Ramos 0-0: Called Strike
0-1: Foul Ball, location: 2F
0-2: Fly out, F8 (Flyball, 8RM, EV 77.5 MPH)
Top of the 2nd over - 1 run, 2 hits, 0 errors, 1 left on base; Brooklyn 4 - Eugene 0
BOTTOM OF THE 2ND
Eugene Emeralds batting - Pitching for Brooklyn Cyclones : RHP Jean-Pierre Carpentier
Batting: RHB Mike Hill 0-0: DOUBLE (Line Drive, 78XD, EV 106.2 MPH)
Batting: RHB Josh Asch 0-0: Ball
1-0: Ball
2-0: Called Strike
2-1: Ball
3-1: Base on Balls
Batting: RHB Adrian Cox 0-0: Ball
1-0: Called Strike
1-1: Ball
2-1: Swinging Strike
2-2: Strikes out swinging
Batting: RHB David Bousfield 0-0: Swinging Strike
0-1: Called Strike
0-2: Strikes out swinging
Batting: RHB Jorge Lagunas 0-0: Foul Ball, location: 2F
0-1: Ball
1-1: Called Strike
1-2: Ball
2-2: Strikes out swinging
Bottom of the 2nd over - 0 runs, 1 hit, 0 errors, 2 left on base; Brooklyn 4 - Eugene 0
TOP OF THE 3RD
Brooklyn Cyclones batting - Pitching for Eugene Emeralds : RHP Joshua Vincent
Batting: RHB Victor Reyes 0-0: SINGLE (Line Drive, 56D, EV 96.2 MPH)
Batting: RHB Tom Primmer 0-0: Ball
1-0: Foul Ball, location: 2F
1-1: Ball
2-1: Ball
Wild Pitch!
Victor Reyes to second
3-1: Base on Balls
Batting: RHB Chris Pynn 0-0: Ball
1-0: Ball
Wild Pitch!
Victor Reyes to third
Tom Primmer to second
2-0: Ground out 4-3 (Groundball, 4, EV 108.8 MPH)
Victor Reyes scores
Tom Primmer to third
Pitching: RHP Carsten Kosters
Batting: SHB Duri Chilemba 0-0: Ball
1-0: Foul Ball, location: 2F
1-1: Called Strike
1-2: Ball
2-2: Ground out 4-3 (Groundball, 4, EV 100.0 MPH)
Tom Primmer scores
Batting: RHB Roberto Delgado 0-0: Called Strike
0-1: Called Strike
0-2: Strikes out looking
Top of the 3rd over - 2 runs, 1 hit, 0 errors, 0 left on base; Brooklyn 6 - Eugene 0
BOTTOM OF THE 3RD
Eugene Emeralds batting - Pitching for Brooklyn Cyclones : RHP Jean-Pierre Carpentier
Batting: RHB Dan Orozco 0-0: Called Strike
0-1: Foul Ball, location: 2F
0-2: Ball
1-2: Foul Ball, location: 2F
1-2: Strikes out swinging
Batting: RHB Du Kim 0-0: Swinging Strike
0-1: Called Strike
0-2: Foul Ball, location: 2F
0-2: Ball
1-2: Foul Ball, location: 2F
1-2: Foul Ball, location: 2F
1-2: Foul Ball, location: 2F
1-2: Strikes out swinging
Pitching: RHP Todd Cox
Batting: RHB Ricky Ramirez 0-0: Called Strike
0-1: Foul Ball, location: 2F
0-2: Foul Ball, location: 2F
0-2: Ball
1-2: Strikes out swinging
Bottom of the 3rd over - 0 runs, 0 hits, 0 errors, 0 left on base; Brooklyn 6 - Eugene 0
TOP OF THE 4TH
Brooklyn Cyclones batting - Pitching for Eugene Emeralds : RHP Carsten Kosters
Batting: LHB Elmo Dreier 0-0: Ball
1-0: Ball
2-0: Foul Ball, location: 2F
2-1: Ball
3-1: Base on Balls
Batting: RHB Jack Nickleberry 0-0: Foul Ball, location: 2F
0-1: Ball
Elmo Dreier steals 2nd, throwing error, E2
Elmo Dreier to third
1-1: Ball
2-1: Foul Ball, location: 2F
2-2: Ball
3-2: Ground out 5-3 (Groundball, 56, EV 98.8 MPH)
Elmo Dreier scores
Batting: RHB Jake Geib 0-0: Swinging Strike
0-1: Called Strike
0-2: Ball
1-2: SINGLE (Groundball, 6D, EV 95.6 MPH)
Batting: LHB Miguel Ramos 0-0: Ball
1-0: Ball
2-0: Ball
3-0: Base on Balls
Jake Geib to second
Batting: RHB Victor Reyes 0-0: SINGLE (Line Drive, 8RS, EV 100.6 MPH)
Jake Geib to third
Miguel Ramos to second
Runner from 3rd tries for Home, SAFE, throw by CF to home
Batting: RHB Tom Primmer 0-0: Called Strike
0-1: Foul Ball, location: 2F
0-2: Ball
1-2: Ball
2-2: Ball
3-2: Strikes out swinging
Batting: RHB Chris Pynn 0-0: Called Strike
0-1: Ball
1-1: Called Strike
1-2: Foul Ball, location: 2F
1-2: Ball
2-2: Ball
3-2: Base on Balls
Miguel Ramos to third
Victor Reyes to second
Pitching: RHP Francisco Landin
Batting: SHB Duri Chilemba 0-0: Called Strike
0-1: Ball
1-1: Ball
2-1: Ball
3-1: Foul Ball, location: 2F
3-2: Foul Ball, location: 2F
3-2: Base on Balls
Miguel Ramos scores
Victor Reyes to third
Chris Pynn to second
Batting: RHB Roberto Delgado 0-0: Called Strike
0-1: Ball
1-1: Foul Ball, location: 2F
1-2: Ground out 6-3 (Groundball, 6M, EV 103.1 MPH)
Top of the 4th over - 3 runs, 2 hits, 1 error, 3 left on base; Brooklyn 9 - Eugene 0
BOTTOM OF THE 4TH
Eugene Emeralds batting - Pitching for Brooklyn Cyclones : RHP Todd Cox
Batting: LHB Wing-tat Tai 0-0: Ball
1-0: Foul Ball, location: 2F
1-1: SOLO HOME RUN (Flyball, 9D, EV 100.6 MPH), Distance : 380 ft
Batting: RHB Mike Hill 0-0: Foul Ball, location: 2F
0-1: Called Strike
0-2: Ball
1-2: Ball
2-2: Ball
3-2: Strikes out swinging
Batting: RHB Josh Asch 0-0: Ball
1-0: Ball
2-0: Called Strike
2-1: Ball
3-1: Foul Ball, location: 2F
3-2: Foul Ball, location: 2F
3-2: Base on Balls
Batting: RHB Adrian Cox 0-0: Called Strike
0-1: Ball
1-1: Fielders Choice at 2nd, 1-4 (Groundball, P, EV 71.2 MPH)
Batting: RHB David Bousfield 0-0: Ball
Adrian Cox is caught stealing 2nd base 2-4
Bottom of the 4th over - 1 run, 1 hit, 0 errors, 0 left on base; Brooklyn 9 - Eugene 1
TOP OF THE 5TH
Brooklyn Cyclones batting - Pitching for Eugene Emeralds : RHP Francisco Landin
Batting: LHB Elmo Dreier 0-0: Hit by Pitch
Batting: RHB Jack Nickleberry 0-0: Ball
1-0: Ball
2-0: Ball
3-0: Called Strike
3-1: Swinging Strike
3-2: Base on Balls
Elmo Dreier to second
Batting: RHB Jake Geib 0-0: Ball
1-0: Ball
2-0: Ball
3-0: Called Strike
3-1: Base on Balls
Elmo Dreier to third
Jack Nickleberry to second
Batting: LHB Miguel Ramos 0-0: Swinging Strike
0-1: Ball
1-1: Ball
2-1: Ball
3-1: Base on Balls
Elmo Dreier scores
Jack Nickleberry to third
Jake Geib to second
Batting: RHB Victor Reyes 0-0: Grounds into double play, 4-6-3 (Groundball, 4, EV 84.4 MPH)
Jack Nickleberry scores
Jake Geib to third
Batting: RHB Tom Primmer 0-0: Called Strike
0-1: Ball
Wild Pitch!
Jake Geib scores
1-1: Foul Ball, location: 2F
1-2: Ground out 5-3 (Groundball, 56S, EV 85.6 MPH)
Top of the 5th over - 3 runs, 0 hits, 0 errors, 0 left on base; Brooklyn 12 - Eugene 1
BOTTOM OF THE 5TH
Eugene Emeralds batting - Pitching for Brooklyn Cyclones : RHP Todd Cox
Batting: RHB David Bousfield 0-0: Ball
1-0: Foul Ball, location: 2F
1-1: Ball
2-1: Ball
3-1: Foul Ball, location: 2F
3-2: Ground out 5-3 (Groundball, 5, EV 101.2 MPH)
Batting: RHB Jorge Lagunas 0-0: Ball
1-0: Called Strike
1-1: Ball
2-1: Foul Ball, location: 2F
2-2: Strikes out swinging
Batting: RHB Dan Orozco 0-0: Called Strike
0-1: Ball
1-1: Swinging Strike
1-2: Strikes out looking
Bottom of the 5th over - 0 runs, 0 hits, 0 errors, 0 left on base; Brooklyn 12 - Eugene 1
TOP OF THE 6TH
Brooklyn Cyclones batting - Pitching for Eugene Emeralds : RHP Francisco Landin
Batting: RHB Chris Pynn 0-0: Ball
1-0: SINGLE (Groundball, 4M, EV 108.1 MPH)
Batting: SHB Duri Chilemba 0-0: Ball
1-0: Foul Ball, location: 2F
1-1: Ball
2-1: Called Strike
2-2: Ball
3-2: Foul Ball, location: 2F
3-2: Grounds into double play, 5-4-3 (Groundball, 56, EV 81.2 MPH)
Batting: RHB Roberto Delgado 0-0: DOUBLE (Line Drive, 89D, EV 103.1 MPH)
Batting: LHB Elmo Dreier 0-0: Ball
1-0: Swinging Strike
1-1: Ball
2-1: Swinging Strike
2-2: Ground out 4-3 (Groundball, 4, EV 100.6 MPH)
Top of the 6th over - 0 runs, 2 hits, 0 errors, 1 left on base; Brooklyn 12 - Eugene 1
BOTTOM OF THE 6TH
Eugene Emeralds batting - Pitching for Brooklyn Cyclones : RHP Todd Cox
Batting: RHB Du Kim 0-0: Swinging Strike
0-1: Called Strike
0-2: Foul Ball, location: 2F
0-2: Strikes out swinging
Batting: RHB Ricky Ramirez 0-0: SINGLE (Groundball, 56S, EV 68.1 MPH) (infield hit)
Pitching: RHP Felipe Hinojosa
Batting: LHB Wing-tat Tai 0-0: Ball
1-0: Ball
2-0: Ball
3-0: Base on Balls
Ricky Ramirez to second
Batting: RHB Mike Hill 0-0: Grounds into double play, 4-6-3 (Groundball, 4M, EV 88.1 MPH)
Bottom of the 6th over - 0 runs, 1 hit, 0 errors, 1 left on base; Brooklyn 12 - Eugene 1
TOP OF THE 7TH
Brooklyn Cyclones batting - Pitching for Eugene Emeralds : RHP Francisco Landin
Batting: RHB Jack Nickleberry 0-0: Foul Ball, location: 2F
0-1: Ball
1-1: Ball
2-1: Ball
3-1: Swinging Strike
3-2: Strikes out swinging
Pitching: RHP Reginald Bamber
Batting: RHB Jake Geib 0-0: Foul Ball, location: 2F
0-1: Swinging Strike
0-2: Strikes out looking
Batting: LHB Miguel Ramos 0-0: Ball
1-0: Ball
2-0: Ball
3-0: Called Strike
3-1: Base on Balls
Pinch Hitting: RHB Jamie Bass 0-0: Ball
1-0: Foul Ball, location: 2F
1-1: Foul Ball, location: 2F
1-2: Strikes out looking
Top of the 7th over - 0 runs, 0 hits, 0 errors, 1 left on base; Brooklyn 12 - Eugene 1
BOTTOM OF THE 7TH
Eugene Emeralds batting - Pitching for Brooklyn Cyclones : RHP Felipe Hinojosa
Now at 2B: Jamie Bass
Batting: RHB Josh Asch 0-0: Called Strike
0-1: Ball
1-1: Ball
2-1: Foul Ball, location: 2F
2-2: Foul Ball, location: 2F
2-2: Ball
3-2: Foul Ball, location: 2F
3-2: Base on Balls
Pinch Hitting: RHB Gilberto Alvarado 0-0: Foul Ball, location: 2F
0-1: Foul Ball, location: 2F
0-2: Ball
1-2: Ball
2-2: Ball
3-2: Fielders Choice at 2nd, 3-6 (Groundball, 3, EV 83.1 MPH)
Batting: RHB David Bousfield 0-0: Ball
Gilberto Alvarado steals 2nd base (no throw)
1-0: Ball
2-0: Called Strike
2-1: Ground out 6-3 (Groundball, 6, EV 88.8 MPH)
Batting: RHB Jorge Lagunas 0-0: Foul Ball, location: 2F
0-1: Ball
1-1: Ball
2-1: SINGLE (Line Drive, 9LS, EV 98.8 MPH)
Gilberto Alvarado to third
Batting: RHB Dan Orozco 0-0: Ball
1-0: Ball
2-0: Swinging Strike
2-1: Swinging Strike
2-2: Strikes out swinging
Bottom of the 7th over - 0 runs, 1 hit, 0 errors, 2 left on base; Brooklyn 12 - Eugene 1
TOP OF THE 8TH
Brooklyn Cyclones batting - Pitching for Eugene Emeralds : RHP Reginald Bamber
Now in LF: Gilberto Alvarado
Batting: RHB Tom Primmer 0-0: Fly out, F8 (Flyball, 8RXD, EV 102.5 MPH)
Batting: RHB Chris Pynn 0-0: TRIPLE (Flyball, 89XD, EV 101.9 MPH)
Batting: SHB Duri Chilemba 0-0: Ball
1-0: Called Strike
1-1: Swinging Strike
1-2: Ball
2-2: Strikes out swinging
Batting: RHB Roberto Delgado 0-0: Ground out 6-3 (Groundball, 6M, EV 98.8 MPH)
Top of the 8th over - 0 runs, 1 hit, 0 errors, 1 left on base; Brooklyn 12 - Eugene 1
BOTTOM OF THE 8TH
Eugene Emeralds batting - Pitching for Brooklyn Cyclones : RHP Felipe Hinojosa
Pinch Hitting: RHB Dave de Wolff 0-0: Called Strike
0-1: Called Strike
0-2: Ball
1-2: Foul Ball, location: 2F
1-2: Ball
2-2: Ball
3-2: Strikes out swinging
Pitching: RHP Battista Aldobrandini
Batting: RHB Ricky Ramirez 0-0: Ball
1-0: Ball
2-0: Fly out, F9 (Line Drive, 9, EV 88.1 MPH)
Pinch Hitting: RHB Mike Larson 0-0: Fly out, F9 (Flyball, 9D, EV 91.2 MPH)
Bottom of the 8th over - 0 runs, 0 hits, 0 errors, 0 left on base; Brooklyn 12 - Eugene 1
TOP OF THE 9TH
Brooklyn Cyclones batting - Pitching for Eugene Emeralds : RHP Reginald Bamber
Pitching: LHP Jose Gutierres
Now in CF: Dave de Wolff
Now in RF: Mike Larson
Pinch Hitting: RHB Jayden Copeland 0-0: Ball
1-0: Ball
2-0: Called Strike
2-1: Reached on error, E5 (Groundball, 56, EV 86.2 MPH)
Batting: RHB Jack Nickleberry 0-0: Ball
Wild Pitch!
Jayden Copeland to second
1-0: SINGLE (Line Drive, 4D, EV 99.4 MPH)
Jayden Copeland to third
Batting: RHB Jake Geib 0-0: Ball
1-0: Ball
2-0: Called Strike
2-1: Ball
3-1: Swinging Strike
3-2: Foul Ball, location: 2F
3-2: SINGLE (Groundball, 4S, EV 68.8 MPH) (infield hit)
Jayden Copeland scores
Jack Nickleberry to second
Batting: LHB Miguel Ramos 0-0: Ball
1-0: Called Strike
1-1: DOUBLE (Line Drive, 89M, EV 105.6 MPH)
Jack Nickleberry scores
Jake Geib to third
Runner from 3rd tries for Home, throw by RF and OUT! 9-4-2
Batting: RHB Jamie Bass 0-0: Called Strike
0-1: Swinging Strike
0-2: Ball
1-2: Fly out, F4 (Line Drive, 4M, EV 65.6 MPH)
Lined into DP, U4 (Line Drive, 4M, EV 70.0 MPH)
Top of the 9th over - 2 runs, 3 hits, 1 error, 0 left on base; Brooklyn 14 - Eugene 1
BOTTOM OF THE 9TH
Eugene Emeralds batting - Pitching for Brooklyn Cyclones : RHP Battista Aldobrandini
Now at SS: Matt Tittle
Batting: RHB Mike Hill 0-0: Foul Ball, location: 2F
0-1: Ball
1-1: Ball
2-1: DOUBLE (Line Drive, 89D, EV 101.2 MPH)
Pinch Hitting: RHB Bill Holmes 0-0: Ball
1-0: Swinging Strike
1-1: Called Strike
1-2: Ground out U3 (Groundball, 3, EV 85.6 MPH)
Mike Hill to third
Pinch Hitting: LHB Emir Jalil 0-0: Ball
1-0: Called Strike
1-1: Called Strike
1-2: SINGLE (Groundball, 34D, EV 95.0 MPH)
Mike Hill scores
Batting: RHB David Bousfield 0-0: Ball
1-0: Ball
2-0: Called Strike
2-1: Called Strike
2-2: Strikes out swinging
Batting: RHB Jorge Lagunas 0-0: Ball
1-0: Ball
2-0: Foul Ball, location: 2F
2-1: Swinging Strike
2-2: Strikes out looking
Bottom of the 9th over - 1 run, 2 hits, 0 errors, 1 left on base; Brooklyn 14 - Eugene 2
Tuesday, March 28th , 2023 - OOTP Baseball 23.10 Build 110